 Dungeon Crawl Stone Soup version 0.31-a0-1338-gb567cfdca4 (webtiles) character file.

Game seed: 6198766337563024320

22 Sabo the Trooper (level 2, 24/24 HPs)
             Began as a Demonspawn Monk on Dec 22, 2023.
             Was a Believer of Lugonu.
             Got out of the dungeon alive.
             The game lasted 00:06:49 (950 turns).

Sabo the Trooper (Demonspawn Monk)                   Turns: 950, Time: 00:06:50

Health: 24/24      AC:  3    Str: 11    XL:     2   Next: 68%
Magic:  2/2        EV: 13    Int: 10    God:    Lugonu [**....]
Gold:   54         SH:  0    Dex: 15    Spells: 1/1 levels left

rFire   . . .        a - +0 hand axe
rCold   . . .        d - orb {light}
rNeg    . . .        b - +0 robe
rPois   .            (no helmet)
rElec   .            (no cloak)
rCorr   .            (no gloves)
SInv    .            e - +0 pair of boots
Will    .....        (no amulet)
Stlth   +            (no ring)
HPRegen 0.24/turn    (no ring)
MPRegen 0.08/turn

%: no passive effects
@: glowing
A: demonic magic 1
a: Renounce Religion, Depart the Abyss, Banish


You escaped.
You worshipped Lugonu.
Lugonu was pleased with you.
You visited 1 branch of the dungeon, and saw 1 of its levels.

You collected 54 gold pieces.

Inventory:

Hand Weapons
 a - a +0 hand axe (weapon)
Armour
 b - a +0 robe (worn)
 d - an orb of light (worn)
 e - a +0 pair of boots (worn)
Scrolls
 h - a scroll of enchant armour {unknown}
 i - a scroll of poison {unknown}
Potions
 c - a potion of ambrosia
 f - 2 potions of mutation {unknown}
 g - a potion of haste {unknown}


   Skills:
 + Level 3.4 Fighting
 + Level 3.0 Axes
 + Level 3.0 Dodging


You had one spell level left.
You didn't know any spells.
Your spell library contained the following spells:

 Spells                   Type           Power      Damage    Failure   Level
 Jinxbite                 Hex            0%         N/A       50%         2
 Volatile Blastmotes      Fire/Tloc      0%         2d10      75%         3
 Fulminant Prism          Conj/Alch      0%         3d5       98%         4
 Iskenderun's Mystic Bla  Conj/Tloc      0%         2d3       98%         4
 Yara's Violent Unravell  Hex/Alch       0%         3d3       100%        5
 Enfeeble                 Hex            0%         N/A       100%        7


Dungeon Overview and Level Annotations

Branches:
Dungeon (1/15)

Altars:
Lugonu

Shops:
D:1 (


Innate Abilities, Weirdness & Mutations

Spells you cast may paralyse adjacent enemies.


Message History

You pick up a book of Misfortune and begin reading...
You add the spells Jinxbite, Yara's Violent Unravelling and Enfeeble to your library.
A ball python comes into view.
The ball python hisses angrily.
The ball python closely misses you. x2
The ball python closely misses you. The ball python barely misses you.
The ball python bites you but does no damage.
The ball python misses you.
You hit the ball python.
The ball python is severely wounded.
The ball python bites you. The ball python misses you.
You hit the ball python.
You kill the ball python!
Lugonu accepts your kill.
Your Dodging skill increases to level 3!
Found a stone staircase leading down.
You see here a +0 dagger.
Found Ceri's Antique Weapon Shoppe.
A rat comes into view.
The rat squeaks loudly.
Found a stone staircase leading down.
The rat closely misses you.
You hit the rat.
You kill the rat!
Lugonu accepts your kill.
Found a scroll labelled SINEFU NELA.
You see here a rat corpse.
i - a scroll labelled SINEFU NELA
There is an entrance to Ceri's Antique Weapon Shoppe here.
Welcome back, Sabo the Demonspawn Monk.
Lugonu says: Spread carnage and corruption!
Press ? for a list of commands and other information.
Okay, then.
There is an entrance to Ceri's Antique Weapon Shoppe here.
Found a mace.
There is an entrance to Ceri's Antique Weapon Shoppe here.
Found a falchion.
There is a staircase leading out of the dungeon here.
There is a staircase leading out of the dungeon here.
You have escaped!

# #.#######.....## ...## .
#######.#............####.....
...........##.....#....##.#.##
#
#######...####...####...#.#.##
#..## #..### ###.#.#.## #.
###.###..# ###...# #...#.##
............# ##...#.##
#...#.##
...###.####.###.......#
##...#.## #..###+#
#..##.@.##..# #....#.#.
#....... #..##...#
#..##..#.#.#. ...... #......##
.....##..... #... ..#..##..##
.....#####.#.
#.####....#.###...# #....#
#..#. .............
#...##..#######..#.
#..###...#### ##.....#
#......... #..# ...#
##...####.####..#. #..# .
#..##............


There were no monsters in sight!

Vanquished Creatures
  A dart slug (D:1)
  3 goblins (D:1)
  A hobgoblin (D:1)
  3 quokkas (D:1)
  5 ball pythons (D:1)
  A bat (D:1)
  A frilled lizard (D:1)
  A kobold (D:1)
  4 rats (D:1)
20 creatures vanquished.

Notes
Turn   | Place    | Note
-------+----------+-------------------------------------------
     0 | D:1      | Sabo the Demonspawn Monk began the quest for the Orb.
     0 | D:1      | Reached XP level 1. HP: 18/18 MP: 1/1
   227 | D:1      | Gained mutation: Spells you cast may paralyse adjacent
                  | enemies. [demonic ancestry]
   227 | D:1      | Reached XP level 2. HP: 14/24 MP: 2/2
   325 | D:1      | Found a faded altar of an unknown god.
   337 | D:1      | Prayed at the altar of an unknown god.
   337 | D:1      | Became a worshipper of Lugonu the Unformed
   337 | D:1      | Reached * piety under Lugonu
   337 | D:1      | Reached ** piety under Lugonu
   836 | D:1      | Found Ceri's Antique Weapon Shoppe.
   950 | D:$      | Got out of the dungeon alive.

Illustrated notes

Levels and vault maps discovered:
D:1:      dpeg_arrival_arbitrary_b, layout_basic, serial_shops, shop,
          shapermc_ecumenical_altar_pompeii, roderic_lattice_a

Skill      XL: |  1  2 |
---------------+-------+-----
Axes           | 3 |  3.0
Dodging        | 3 |  3.0
Fighting       | |  3.4

Action                     || total
---------------------------++-------
  Melee: Hand axe          ||    49
 Armour: Robe              ||    25
  Dodge: Dodged            ||    52

Table legend: (Time is in decaauts)
 A = Elapsed time spent in this place.
 B = Non-inter-level travel time spent in this place.
 C = Inter-level travel time spent in this place.
 D = Time resting spent in this place.
 E = Time spent auto-exploring this place.
 F = Levels seen in this place.
 G = Mean time per level.
                   A        B        C        D        E       F      G
               +--------+--------+--------+--------+--------+-----+--------+
         Total |    957 |    957 |      0 |     47 |      0 |   1 |  957.0 |
       Dungeon |    957 |    957 |      0 |     47 |      0 |   1 |  957.0 |
               +--------+--------+--------+--------+--------+-----+--------+

Top non-repeatable levels by time:
     D:1: 957 daAuts
